 Dungeon Crawl Stone Soup version 0.24-a0-139-geb6712d24a (console) character file.

810023 joosa the Skullcrusher (level 27, -9/193 HPs)
             Began as a Gargoyle Fighter on Mar 12, 2015.
             Was the Champion of Okawaru.
             Killed from afar by a hellion (25 damage)
             ... with damnation
             ... on level 4 of Gehenna on Mar 2, 2019.
             The game lasted 14:59:48 (97111 turns).

joosa the Skullcrusher (Gargoyle Fighter)          Turns: 97111, Time: 14:59:49

Health: -9/193     AC: 63    Str: 29 (31) XL:     27
Magic:  44/44      EV: 13    Int:  8 (14) God:    Okawaru [******]
Gold:   6545       SH: 30    Dex: 16 (18) Spells: 14/26 levels left

rFire    + + +     SeeInvis +   g - +6 eveningstar (holy) {@w2}
rCold    + . .     Gourm    .   l - +3 large shield "Strap" {+Fly rF+}
rNeg     + + .     Faith    .   X - +3 plate armour {rF+}
rPois    ∞         Spirit   .   P - +2 helmet {SInv}
rElec    +         Reflect  .   u - +3 cloak of Flash {+Fly EV+4}
rCorr    .         Harm     .   e - +2 pair of gloves {rC+}
MR       ++...                  w - +2 pair of boots {run}
Stlth    ..........             O - amulet of regeneration
HPRegen  0.82/turn              C - ring of Alalusaale {rN+ Str+6 SInv}
MPRegen  0.29/turn              f - ring of the Chupacabra {rF+ MP+9 AC+2 Int+4 Dex+4}

@: flying, quick
A: big wings, blurry vision 1, deterioration 2, mutation resistance 1, negative
energy resistance 1, electricity resistance, weak 1, unbreathing, petrification
resistance, rot immunity, MP-powered wands, AC +20
}: 5/15 runes: decaying, serpentine, slimy, silver, icy
a: Stop Flying, Heroism, Finesse, Renounce Religion


You were on level 4 of Gehenna.
You worshipped Okawaru.
Okawaru was exalted by your worship.
You were not hungry.

You visited 15 branches of the dungeon, and saw 76 of its levels.
You visited the Abyss 6 times.
You visited 1 ziggurat, and saw 5 of its levels.
You also visited: Sewer, Ossuary, Ice Cave and Labyrinth.

You collected 10907 gold pieces.
You spent 4362 gold pieces at shops.

Inventory:

Hand Weapons
 a - a +8 eveningstar of flaming {@w1}
 g - a +6 eveningstar of holy wrath (weapon) {@w2}
 i - a +4 fustibalus of flaming
Missiles
 b - 87 sling bullets of frost
 n - 48 silver sling bullets
 o - 176 sling bullets
 p - 76 sling bullets of flame
Armour
 e - a +2 pair of gloves of cold resistance (worn)
 l - the +3 large shield "Strap" (worn) {+Fly rF+}
   (You took it off Louise on level 15 of the Dungeon)

   It protects you from fire.
   It lets you fly.
 u - the +3 cloak of Flash (worn) {+Fly EV+4}
   (You found it on level 11 of the Dungeon)

   It affects your evasion (+4).
   It lets you fly.
 w - a +2 pair of boots of running (worn)
 P - a +2 helmet of see invisible (worn)
 X - a +3 plate armour of fire resistance (worn)
Jewellery
 f - the ring of the Chupacabra (right hand) {rF+ MP+9 AC+2 Int+4 Dex+4}
   (You found it on level 3 of a ziggurat)

   [ring of protection]

   It affects your AC (+2).
   It affects your intelligence (+4).
   It affects your dexterity (+4).
   It protects you from fire.
   It affects your magic capacity (+9).
 y - the ring "Gywah" {rF+ Str+3 Stlth+}
   (You found it on level 7 of Cocytus)

   [ring of stealth]

   It affects your strength (+3).
   It protects you from fire.
   It makes you more stealthy.
 C - the ring of Alalusaale (left hand) {rN+ Str+6 SInv}
   (You found it on level 3 of the Crypt)

   [ring of see invisible]

   It affects your strength (+6).
   It protects you from negative energy.
   It lets you see invisible.
 K - the amulet "Sicoevie" {Acrobat rElec Slay+3 SInv}
   (You acquired it on level 4 of the Orcish Mines)

   [amulet of the acrobat]

   It helps you evade while moving and waiting.
   It affects your accuracy and damage with ranged weapons and melee attacks
   (+3).
   It insulates you from electricity.
   It lets you see invisible.
 O - an amulet of regeneration (around neck)
Wands
 v - a wand of disintegration (12)
 x - a wand of digging (31)
 B - a wand of iceblast (8)
Scrolls
 j - 19 scrolls of teleportation
 k - 8 scrolls of magic mapping
 q - 28 scrolls of remove curse
 t - 4 scrolls of holy word
 M - 7 scrolls of blinking
 N - 34 scrolls of identify
 R - 11 scrolls of fog
 T - 2 scrolls of silence
 Z - 5 scrolls of fear
Potions
 m - 8 potions of berserk rage
 s - 2 potions of haste
 A - 8 potions of invisibility
 G - 17 potions of curing
 I - a potion of resistance
 L - a potion of cancellation
 U - 2 potions of might
 V - a potion of magic
Miscellaneous
 D - a lightning rod (4/4)
Comestibles
 d - 24 rations


   Skills:
 - Level 25.4 Fighting
 O Level 27 Maces & Flails
 + Level 13.0 Slings
   Level 7.0 Crossbows
 + Level 23.1 Armour
 - Level 25.4 Shields
 - Level 12.6 Invocations
 - Level 16.4 Evocations


You had 14 spell levels left.
You knew the following spells:

 Your Spells              Type           Power        Failure   Level  Hunger
a - Apportation           Tloc           #.....       83%         1    ##.....
b - Summon Butterflies    Summ           #.......     83%         1    ##.....
c - Swiftness             Chrm/Air       #.......     93%         2    ###....
d - Animate Skeleton      Necr           N/A          83%         1    ##.....
e - Flame Tongue          Conj/Fire      #....        83%         1    ##.....
f - Corona                Hex            #......      83%         1    ##.....
g - Ensorcelled Hibernat  Hex/Ice        #.....       93%         2    ###....
h - Stoneskin             Tmut/Erth      #.......     93%         2    ###....
i - Sting                 Conj/Pois      #...         83%         1    ##.....

Your spell library contained the following spells:

 Spells                   Type           Power        Failure   Level  Hunger
 Infusion                 Chrm           #...         83%         1    ##.....
 Repel Missiles           Chrm/Air       #.....       93%         2    ###....
 Ozocubu's Armour         Chrm/Ice       #.......     99%         3    ####...
 Alistair's Intoxication  Tmut/Pois      #.......     100%        5    ######.
 Bolt of Magma            Conj/Fire/Erth #.........   100%        5    ######.
 Irradiate                Conj/Tmut      #.........   100%        5    ######.
 Iskenderun's Battlesphe  Conj/Chrm      #.......     100%        5    ######.
 Venom Bolt               Conj/Pois      #.........   100%        5    ######.
 Iron Shot                Conj/Erth      #.........   100%        6    #######
 Orb of Destruction       Conj           #.........   100%        7    #######
 Spellforged Servitor     Conj/Summ      #.........   100%        7    #######


Dungeon Overview and Level Annotations

Branches:
Dungeon (15/15)            Temple (1/1) D:4            Lair (8/8) D:10
  Swamp (5/5) Lair:5        Snake (5/5) Lair:6        Slime (6/6) Lair:6
    Orc (4/4) D:11            Elf (3/3) Orc:4        Vaults (5/5) D:13
  Crypt (3/3) Vaults:2       Tomb (0/3) Crypt:3      Depths (5/5) D:15
   Hell (1/1)                 Geh (4/7) Hell            Coc (7/7) Hell
    Tar (0/7) Hell            Zot (4/5) Depths:5
    Dis: Hell:1

Altars:
Ashenzari
Cheibriados
Dithmenos
Elyvilon
Fedhas
Gozag
Kikubaaqudgha
Makhleb
Nemelex Xobeh
Okawaru
Qazlal
Ru
Sif Muna
Trog
Vehumet
Xom
Yredelemnul
Zin
The Shining One
Beogh

Shops:
D:9 [(??   D:11 *   D:14 }   Orc:3 !   Orc:4 (?![   Vaults:2 *   Vaults:4 ?
Depths:1 *}[

Portals:
Hell: Depths:1 Depths:2 Depths:3 Depths:4 Depths:5
Abyss: Depths:1 Depths:2 Depths:4
Pandemonium: Depths:3


Innate Abilities, Weirdness & Mutations

You are resistant to torment.
Your stone body is resilient. (AC +20)
You are immune to poison.
Your large and strong wings let you fly indefinitely.
You resist negative energy. (rN+)
You are resistant to electric shocks. (rElec)
You can survive without breathing.
You are immune to petrification.
You are immune to rotting.
Scrolls take you a little longer to read.
Your body often deteriorates upon taking damage.
You are somewhat resistant to further mutation.
You are weak. (Str -2)
You expend magic power (3 MP) to strengthen your wands.


Message History

The hellion gestures at you.
The sphere of damnation explodes!
The damnation engulfs you!!
* * * LOW HITPOINT WARNING * * *
The hellion gestures at you.
The sphere of damnation explodes!
The damnation engulfs you!!
* * * LOW HITPOINT WARNING * * *
Your body deteriorates!
You feel weakened.
As you read the scroll of fog, it crumbles to dust.
The scroll dissolves into smoke.
Really read with blurry vision while enemies are nearby? [Y]es or [N]o only, please.
Really read with blurry vision while enemies are nearby?
The hellion gestures at you.
The sphere of damnation explodes!
The damnation engulfs you!
* * * LOW HITPOINT WARNING * * *
You hear a roar!
You begin reading the scroll.
You continue reading the scroll.
The hellion gestures at you.
The sphere of damnation explodes!
The damnation engulfs you!!
You die...

··))§§§§▒▒·····▒▒···············
▒···∩·)··▒▒···▒ ▒·····▒◼▒·······
▒▒▒···§··v▒'▒▒▒ ▒····▒ ▒······
··▒·)·≈·v·····▒ ▒···▒ ▒····
·······≈·····▒▒▒▒1··▒
··············▒▒····▒
▒····▒··········≈≈·▒ ▒
▒▒▒········▒▒·§§≈··▒ ·▒▒▒·
▒··▒····▒▒▒▒§§@·≈▒······
▒···▒·∩·§§§▒§§§≈··§§▒
▒···▒▒▒'▒§≈§··≈≈§§§§▒
▒▒▒▒▒···▒·≈≈≈≈≈≈§§§§§≈··
▒▒·····§·≈≈≈≈22§§≈≈≈··
▒····)····≈≈≈≈§2≈≈≈§··▒
▒·······▒·§§≈§2§·≈§··▒▒
▒········§§§≈≈·§§≈·····
▒▒·····▒··≈§≈≈≈§§§§··▒▒


You could see a Brimstone Fiend, a spatial vortex and 3 hellions.

Vanquished Creatures
  Antaeus (Coc:7)
  the Royal Jelly (Slime:6)
  the Serpent of Hell (Coc:7)
  Mennas (Depths:4)
  A juggernaut (Depths:5)
  4 ancient liches
  A greater mummy (Zig:5)
  Boris (Crypt:1)
  the Lernaean hydra (Swamp:5)
  Saint Roka (Elf:2)
  14 shard shrikes
  A curse toe (Zot:3)
  The ghost of karlm the Devastator, a great DEWz of Vehumet (Depths:2)
  Mara (Vaults:4)
  Geryon (Hell)
  6 golden dragons
  Frederick (Vaults:5)
  the Enchantress (Depths:2)
  10 bone dragons
  Nikola (Swamp:3)
  6 Brimstone Fiends
  2 Hell Sentinels (Abyss:1)
  10 tentacled monstrosities
  13 Ice Fiends
  4 titans
  6 liches
  2 deep elf blademasters
  3 deep elf master archers (Elf:3)
  15 acid blobs
  5 sphinxes
  4 quicksilver dragons
  A thorn hunter (Swamp:5)
  20 tentacled starspawn
  An eldritch tentacle (Geh:2)
  3 Executioners
  6 shadow dragons
  2 ancient champions
  10 storm dragons
  6 tengu reavers
  Frances (D:15)
  A daeva (Abyss:1)
  14 azure jellies
  11 fire giants
  A revenant (Crypt:2)
  4 draconian monks
  19 vault wardens
  3 balrugs
  8 nagarajas
  A removed MONS_WIGLAF (Vaults:2)
  4 draconian knights
  A draconian scorcher (Zot:2)
  9 frost giants
  12 deep elf sorcerers
  4 cacodemons
  Louise (D:15)
  A caustic shrike zombie (Depths:4)
  2 ghost moths
  2 curse skulls
  A spectral caustic shrike (Depths:3)
  2 orc warlords (Orc:4)
  Gastronok (Orc:4)
  3 emperor scorpions
  2 elemental wellsprings
  4 ghouls
  Jorgrun (Swamp:3)
  9 war gargoyles
  An angel (Abyss:1)
  3 draconian annihilators
  17 very ugly things
  17 stone giants
  19 ironheart preservers
  5 spriggan defenders
  15 reapers
  2 ophanim
  A draconian stormcaller (Depths:5)
  A removed MONS_SALAMANDER_FIREBRAND (Hell)
  A vampire knight (Depths:4)
  2 black draconians (Zot:1)
  10 deep elf demonologists
  A lorocyproca (Abyss:1)
  8 green draconians
  3 purple draconians
  10 deep elf annihilators
  5 white draconians
  Azrael (Elf:3)
  The ghost of Pikaro the Polluter, a powerful NaVM of Vehumet (D:13)
  A dire elephant (Depths:1)
  5 red draconians
  A yellow draconian (Abyss:3)
  4 removed MONS_MOTTLED_DRACONIANs
  7 eidola
  2 minotaurs
  5 green deaths
  A removed MONS_UNBORN (Crypt:3)
  Snorg (Lair:7)
  17 deep elf death magi
  A merfolk javelineer (Depths:4)
  13 blizzard demons
  10 death oozes
  10 deep elf high priests
  30 vault guards
  12 fire dragons
  12 ettins
  9 jiangshi
  11 death cobs
  4 quicksilver dragon zombies
  6 rakshasas
  Fannar (D:10)
  An entropy weaver (Depths:5)
  14 yaktaur captains
  3 kraken zombies
  A spectral tengu (Depths:3)
  12 anacondas
  16 great orbs of eyes
  37 ice dragons
  3 ghost crabs
  10 naga warriors
  A quicksilver dragon skeleton (Coc:6)
  18 hydras
  A merfolk avatar (Swamp:4)
  Erica (Lair:6)
  9 alligators
  12 deep troll shamans
  15 ogre magi
  8 spriggan air magi
  16 dancing weapons (Elf:2)
  A catoblepas (Lair:3)
  39 death yaks
  22 hell hogs
  A death knight (Crypt:1)
  5 shock serpents
  10 centaur warriors
  9 deep troll earth magi
  10 spriggan berserkers
  2 tengu warriors
  9 titan zombies
  2 vampire magi
  9 sun demons
  8 orc high priests
  17 naga sharpshooters
  9 thrashing horrors
  An iron golem (Hell)
  Nergalle (D:12)
  6 salamander mystics
  4 storm dragon zombies
  3 titan skeletons
  8 shadow wraiths
  14 wretched stars (Abyss:1)
  A fire crab (shapeshifter) (Depths:2)
  13 deep elf knights
  9 unseen horrors
  24 deep trolls
  5 wizards
  4 glowing orange brains
  3 iron trolls
  9 soul eaters
  35 hell knights
  39 skeletal warriors
  3 golden dragon zombies
  A fire crab (Vaults:1)
  3 sea snakes (Snake:4)
  2 spatial maelstroms (Abyss:1)
  3 storm dragon skeletons
  5 flayed ghosts
  12 mana vipers
  A sea snake (shapeshifter) (Vaults:4)
  7 removed MONS_DEEP_ELF_SUMMONERs
  A shadow demon (Abyss:1)
  37 ice devils
  8 swamp dragons
  10 naga ritualists
  5 ice statues
  12 anaconda zombies
  2 tengu zombies
  An orb spider (shapeshifter) (D:13)
  9 orc knights
  Erolcha (D:9)
  Pikel (D:7)
  3 shambling mangroves
  3 golden dragon skeletons
  26 necromancers
  3 wolf spider zombies
  2 sphinx zombies
  3 anaconda skeletons
  4 lindwurms (Lair:3)
  2 shadow dragon zombies
  12 orc sorcerers
  20 ironbrand convokers
  9 harpies
  2 manticores (D:15)
  3 shadow dragon skeletons
  4 removed MONS_HILL_GIANTs
  5 stone giant zombies
  3 iron dragon zombies
  A tengu skeleton (Vaults:2)
  14 removed MONS_GRIFFONs
  7 cyclopes
  A sphinx skeleton (Vaults:4)
  94 slime creatures
  6 worldbinders (Abyss:1)
  7 shining eyes
  2 fire giant zombies
  4 wolf spiders
  13 elephants
  A hornet (Vaults:5)
  13 removed MONS_DEEP_ELF_CONJURERs
  19 salamanders
  6 frost giant zombies
  18 phantasmal warriors
  15 oklob plants
  40 ugly things
  41 black mambas
  A titan simulacrum (Depths:4)
  12 vault sentinels
  5 frost giant skeletons
  A guardian serpent (shapeshifter) (Depths:5)
  5 fire giant skeletons
  2 sixfirhies
  Maurice (D:9)
  6 centaur zombies
  6 stone giant skeletons
  30 naga magi
  Joseph (Orc:3)
  4 iron dragon skeletons
  16 moths of wrath
  2 apocalypse crabs (Abyss:1)
  A torpor snail (Lair:5)
  A guardian serpent (Snake:2)
  12 orange demons
  2 dire elephant zombies
  10 rust devils
  2 shock serpent skeletons
  4 emperor scorpion zombies
  2 dire elephant skeletons (Geh:2)
  19 smoke demons
  22 spiny frogs
  2 storm dragon simulacra
  2 eyes of devastation
  A yaktaur (shapeshifter) (Depths:3)
  5 gargoyles
  8 centaur skeletons
  12 tormentors
  A sea snake zombie (Crypt:1)
  A molten gargoyle (Hell)
  A spriggan zombie (Depths:1)
  10 hellions
  2 demonic crawlers
  2 kobold demonologists
  3 yaktaur skeletons
  2 komodo dragons (shapeshifter)
  An anaconda simulacrum (Coc:3)
  A redback zombie (Vaults:2)
  A yellow draconian zombie (Abyss:2)
  3 rime drakes
  The ghost of Uberwunderbarhen the Magician, an experienced DEFE (Ossuary)
  10 spriggan druids
  A golden dragon simulacrum (Abyss:1)
  2 harpy zombies
  3 tengu conjurers
  5 efreet
  19 hydra zombies
  10 komodo dragons
  23 removed MONS_DEEP_ELF_PRIESTs
  3 removed
  MONS_BABY_ALLIGATORs (Swamp:3)
  18 red devils
  6 guardian mummies
  2 jumping spiders
  10 removed MONS_BLUE_DEVILs
  49 yaktaurs
  12 trolls
  Sonja (Elf:1)
  5 hellwings
  A queen bee (D:8)
  40 small abominations
  2 fire vortices (D:10)
  10 polar bears
  10 ancient zymes
  2 tyrant leeches
  A queen bee (shapeshifter) (Depths:3)
  37 freezing wraiths
  Prince Ribbit (D:8)
  5 hydra skeletons
  A stone giant simulacrum (Vaults:3)
  2 ice dragon zombies
  An iron dragon simulacrum (Abyss:1)
  A minotaur skeleton (Crypt:1)
  12 removed MONS_BOULDER_BEETLEs
  2 harpy skeletons
  6 ettin zombies
  2 fire dragon zombies
  5 alligator zombies
  15 bog bodies
  11 removed MONS_RAVENs
  26 two-headed ogres
  A black mamba zombie (Crypt:1)
  An ushabti (Zig:5)
  20 raiju
  7 blink frogs
  A removed MONS_TRAPDOOR_SPIDER (D:14)
  5 air elementals
  3 basilisks
  A fire dragon skeleton (Crypt:1)
  A spriggan (shapeshifter) (Vaults:1)
  8 ettin skeletons
  13 redbacks
  2 ice dragon skeletons
  37 deep elf magi
  30 wraiths
  3 alligator skeletons
  92 flying skulls
  12 ynoxinuls
  A golden eye (shapeshifter) (Elf:2)
  19 shadows
  11 fire bats
  2 tarantellas
  15 water elementals
  18 fire elementals
  83 yaks
  67 spriggans
  A yak (shapeshifter) (Vaults:5)
  Eustachio (D:8)
  5 hungry ghosts
  3 vampires
  Grum (D:13)
  A hippogriff (shapeshifter) (Elf:1)
  A wyvern (D:15)
  10 chaos spawn
  A steam dragon (D:10)
  2 wind drake skeletons (Crypt:1)
  30 vampire mosquitoes
  4 spatial vortices
  4 hippogriffs
  52 nagas
  A warg (shapeshifter) (Vaults:5)
  8 wargs
  3 acid dragons
  39 wolves
  28 insubstantial wisps
  A minotaur simulacrum (Abyss:1)
  A hog (shapeshifter) (D:11)
  Edmund (D:4)
  A water nymph zombie (Crypt:2)
  Menkaure (D:6)
  50 removed MONS_DEEP_ELF_FIGHTERs
  10 neqoxecs
  A water moccasin (shapeshifter) (D:11)
  3 soldier ants
  40 swamp worms
  3 sky beasts
  4 hydra simulacra
  43 large abominations
  An infernal demonspawn zombie (Crypt:2)
  A merfolk skeleton (Geh:4)
  14 ice beasts
  10 spiny frog zombies
  57 orc warriors
  A dwarf (shapeshifter) (Vaults:5)
  A monstrous demonspawn skeleton (Geh:1)
  12 swamp drakes
  2 ghosts
  A hornet simulacrum (D:15)
  An ice beast (shapeshifter) (Vaults:5)
  2 spiders (Elf:3)
  4 spiny frog skeletons
  Purgy (Sewer)
  16 hell hounds
  35 water moccasins
  A sky beast (shapeshifter) (Vaults:5)
  7 black bears
  7 porcupines
  5 phantoms
  73 starcursed masses
  8 necrophages
  A slave (D:6)
  73 ogres
  A blink frog zombie (Crypt:2)
  A crocodile (shapeshifter) (Depths:5)
  17 centaurs
  30 removed MONS_WASPs
  10 eyes of draining
  8 human skeletons
  A lost soul (Crypt:3)
  A snapping turtle skeleton (Coc:7)
  A removed MONS_BORING_BEETLE (Lair:4)
  A swamp dragon skeleton (Coc:7)
  15 crocodiles
  5 elf zombies
  3 removed
  MONS_BRAIN_WORMs Blork the orc (D:7)
  An earth elemental (Abyss:1)
  A gnoll sergeant (D:9)
  19 bullfrogs
  A wyvern zombie (D:14)
  2 big kobolds (D:8)
  A glowing shapeshifter simulacrum (Depths:4)
  A wyvern skeleton (D:15)
  A warg zombie (Orc:4)
  A troll zombie (Vaults:5)
  2 spiny frog simulacra
  6 scorpions
  A removed MONS_BOULDER_BEETLE zombie (Vaults:2)
  41 killer bees
  2 yak zombies (Crypt:2)
  3 human simulacra
  2 lava snakes (D:10)
  An orc simulacrum (Vaults:1)
  48 wights
  3 quasits (Abyss:1)
  A wolf zombie (Crypt:2)
  11 hounds
  31 jellies
  4 electric eels
  A demonspawn zombie (Crypt:1)
  4 human zombies
  A two-headed ogre zombie (Crypt:1)
  11 crimson imps
  8 iguanas
  31 orc priests
  7 iron imps
  18 worker ants
  41 orc wizards
  11 hell rats
  A removed MONS_BOULDER_BEETLE simulacrum (Vaults:2)
  A polar bear simulacrum (Lair:5)
  A troll simulacrum (Coc:2)
  3 wolf simulacra (Lair:5)
  4 big kobold zombies (Ossuary)
  A naga zombie (Coc:3)
  3 yak simulacra (Lair:5)
  15 removed MONS_SHEEPs
  A hound zombie (D:9)
  A naga skeleton (Abyss:1)
  An ogre skeleton (Crypt:1)
  22 mummies
  2 hound skeletons
  42 river rats
  12 gnolls
  24 adders
  4 shadow imps
  4 removed MONS_GIANT_MITEs
  43 white imps
  5 worms
  27 ufetubi
  2 adder zombies (Ossuary)
  An iguana zombie (Crypt:2)
  A lava snake zombie (Crypt:2)
  4 orc skeletons
  8 leopard geckos
  353 orcs
  7 bat skeletons
  13 giant cockroaches
  2 gnoll zombies (D:6)
  26 goblins
  38 hobgoblins
  33 kobolds
  21 quokkas
  2 ball pythons (D:2)
  A ballistomycete spore (D:14)
  20 bats
  4 frilled lizards
  A giant cockroach zombie (Crypt:1)
  A goblin zombie (D:7)
  A hobgoblin skeleton (Crypt:2)
  8 hobgoblin zombies
  6 jackals
  A jackal zombie (Ossuary)
  7 kobold zombies (Ossuary)
  3 lurking horrors (Abyss:1)
  15 orc zombies
  A quokka skeleton (D:4)
  22 rats
  4 rat zombies (Ossuary)
  4 river rat simulacra (Lair:5)
  A briar patch (Swamp:5)
  5 crawling corpses
  2 fungi
  12 plants
  24 starspawn tentacles
  8 tentacles
4647 creatures vanquished.

Vanquished Creatures (others)
  The ghost of Ngotmuk the Shatterer, a mighty MiFi of Okawaru (Elf:3)
  3 eldritch tentacles
  A storm dragon (Vaults:5)
  A tengu reaver (Vaults:5)
  A draconian scorcher (Abyss:1)
  An elemental wellspring (Coc:7)
  3 stone giants
  A merfolk javelineer (Depths:4)
  3 yaktaur captains
  A hell hog (Geh:3)
  A wizard (D:15)
  An unseen horror (Abyss:3)
  A removed MONS_DEEP_ELF_CONJURER (Depths:3)
  A cyclops (Depths:2)
  A naga mage (Snake:5)
  15 yaktaurs
  A troll (D:15)
  A two-headed ogre (Vaults:4)
  A harpy zombie (Hell)
  A fire vortex (D:10)
  14 flying skulls
  A deep elf mage (Vaults:4)
  A yak (Lair:2)
  6 water elementals
  A removed MONS_DEEP_ELF_FIGHTER (Elf:2)
  A large abomination (Abyss:1)
  3 centaurs
  18 lost souls
  An ogre (Vaults:4)
  3 small abominations
  A wight (Geh:2)
  An orc priest (Elf:3)
  An orc wizard (Orc:4)
  3 white imps
  3 ufetubi
  A kobold skeleton (Geh:2)
  2 lurking horrors (Abyss:1)
  An orc zombie (Vaults:5)
  A bush (Abyss:1)
  100 eldritch tentacle segments (Abyss:1)
  A fungus (Elf:3)
  10 plants
  63 starspawn tentacles
  338 starspawn tentacle segments (Abyss:1)
  7 tentacles
622 creatures vanquished.

Grand Total: 5269 creatures vanquished

Notes
Turn   | Place    | Note
-------+----------+-------------------------------------------
     0 | D:1      | joosa, the Gargoyle Fighter, began the quest for the Orb.
     0 | D:1      | Reached XP level 1. HP: 14/14 MP: 1/1
   228 | D:1      | Reached XP level 2. HP: 19/19 MP: 2/2
   240 | D:1      | Found a snail-covered altar of Cheibriados.
   580 | D:1      | Reached XP level 3. HP: 22/24 MP: 3/3
  1266 | D:2      | Reached XP level 4. HP: 29/29 MP: 4/4
  1273 | D:2      | Found a burning altar of Makhleb.
  2096 | D:3      | Reached XP level 5. HP: 14/34 MP: 5/5
  2558 | D:3      | Found a glowing drain.
  2595 | Sewer    | Entered a sewer
  2754 | Sewer    | Noticed Purgy
  2762 | Sewer    | Killed Purgy
  2762 | Sewer    | Reached XP level 6. HP: 30/40 MP: 6/6
  2920 | D:3      | Found a shimmering altar of Xom.
  2921 | D:3      | Found a shimmering altar of Xom.
  2922 | D:3      | Found a shimmering altar of Xom.
  2922 | D:3      | Found a shimmering altar of Xom.
  2922 | D:3      | Found a shimmering altar of Xom.
  2922 | D:3      | Found a shimmering altar of Xom.
  2925 | D:3      | Reached skill level 5 in Fighting
  2926 | D:3      | Found a shimmering altar of Xom.
  3134 | D:3      | Found a blossoming altar of Fedhas.
  3296 | D:4      | Noticed Edmund
  3323 | D:4      | Killed Edmund
  3323 | D:4      | Reached XP level 7. HP: 20/44 MP: 7/7
  3562 | D:4      | Found a staircase to the Ecumenical Temple.
  3569 | Temple   | Entered the Ecumenical Temple
  3657 | Temple   | Upgraded the game from 0.17-a0-18-gc25b939 to
                  | 0.17-a0-72-gd614ac0
  3659 | Temple   | Became a worshipper of Warmaster Okawaru
  3711 | D:4      | Got a pitted hand axe
  3718 | D:4      | Found a radiant altar of Vehumet.
  3806 | D:4      | Reached skill level 5 in Maces & Flails
  3821 | D:4      | Reached skill level 5 in Armour
  4551 | D:5      | Entered Level 5 of the Dungeon
  4552 | D:5      | Identified the +2 hand axe of Decseok {drain, rElec rF-
                  | Str+4 Int+2} (You found it on level 4 of the Dungeon)
  4735 | D:5      | Noticed Menkaure
  4753 | D:5      | Reached skill level 1 in Invocations
  4942 | D:6      | Killed Menkaure
  4942 | D:6      | Reached piety under Okawaru
  4942 | D:6      | Reached XP level 8. HP: 41/51 MP: 7/9
  5066 | D:6      | Reached skill level 6 in Maces & Flails
  6149 | D:6      | Found a basalt altar of Yredelemnul.
  6243 | D:6      | Reached skill level 1 in Slings
  6608 | D:7      | Found a sand-covered staircase.
  6613 | D:7      | Reached skill level 5 in Shields
  6616 | Ossuary  | Entered an ossuary
  6685 | Ossuary  | Noticed Uberwunderbarhen's ghost (experienced DEFE)
  6698 | Ossuary  | Killed Uberwunderbarhen's ghost
  6801 | Ossuary  | Reached XP level 9. HP: 34/55 MP: 11/15
  7029 | D:7      | Noticed Blork the orc
  7036 | D:7      | Killed Blork the orc
  7146 | D:7      | Reached skill level 7 in Maces & Flails
  7302 | D:7      | Found an opulent altar of Gozag.
  7303 | D:7      | Found a glowing silver altar of Zin.
  7428 | D:7      | Noticed a two-headed ogre
  7436 | D:7      | Killed a two-headed ogre
  7513 | D:7      | Found a white marble altar of Elyvilon.
  7529 | D:7      | Noticed Pikel
  7560 | D:7      | Received a gift from Okawaru
  7560 | D:7      | Reached skill level 8 in Maces & Flails
  7782 | D:7      | Reached skill level 5 in Invocations
  7800 | D:7      | Killed Pikel
  7800 | D:7      | Reached XP level 10. HP: 53/61 MP: 18/18
  8060 | D:8      | Noticed Prince Ribbit
  8262 | D:8      | Reached skill level 9 in Maces & Flails
  8435 | D:8      | Found a deep blue altar of Sif Muna.
  8562 | D:8      | Reached skill level 5 in Slings
  8730 | D:8      | Noticed Eustachio
  8749 | D:8      | Killed Eustachio
  8749 | D:8      | Received a gift from Okawaru
  9046 | D:8      | Learned a level 1 spell: Apportation
  9123 | D:9      | Noticed Erolcha
  9224 | D:9      | Found a bloodstained altar of Trog.
  9400 | D:8      | Killed Prince Ribbit
  9463 | D:9      | Found Kliblykku's Magic Scroll Emporium.
  9465 | D:9      | Found Stoore Sagre's Antique Weapon Shop.
  9467 | D:9      | Bought a scroll of enchant armour for 120 gold pieces
  9467 | D:9      | Bought a scroll of fear for 56 gold pieces
  9467 | D:9      | Bought a scroll of enchant weapon for 120 gold pieces
  9467 | D:9      | Bought a scroll of enchant weapon for 120 gold pieces
  9518 | D:9      | Noticed Maurice
  9532 | D:9      | Killed Maurice
  9532 | D:9      | Received a gift from Okawaru
  9532 | D:9      | Reached XP level 11. HP: 67/67 MP: 19/19
  9660 | D:9      | Found a glowing golden altar of the Shining One.
  9680 | D:9      | Reached skill level 1 in Evocations
  9743 | D:9      | Killed Erolcha
  9897 | D:9      | Found Ykohut's Magic Scroll Shop.
  9919 | D:9      | Reached **** piety under Okawaru
 10122 | D:9      | Found Ysal's Antique Armour Shop.
 10245 | D:9      | Bought a warped chain mail for 199 gold pieces
 10255 | D:9      | Identified the +0 chain mail of the Okapi {rElec} (You
                  | bought it in a shop on level 9 of the Dungeon)
 10305 | D:10     | Entered Level 10 of the Dungeon
 10313 | D:10     | Noticed Fannar
 10615 | D:10     | Killed Fannar
 10846 | D:10     | Received a gift from Okawaru
 10884 | D:10     | Found a staircase to the Lair.
 11077 | D:10     | Received a gift from Okawaru
 11090 | D:10     | Reached skill level 10 in Maces & Flails
 11100 | D:10     | Reached skill level 10 in Shields
 11357 | D:11     | Received a gift from Okawaru
 11376 | D:11     | Found a staircase to the Orcish Mines.
 11460 | D:11     | Noticed an unseen horror
 11489 | D:11     | Found a bloodstained altar of Trog.
 11648 | D:11     | Noticed an unseen horror
 11654 | D:11     | Killed an unseen horror
 11654 | D:11     | Reached XP level 12. HP: 75/75 MP: 20/20
 11693 | D:11     | Noticed a fire crab
 11756 | D:11     | Found Kaodan's General Store.
 11844 | D:11     | Killed an unseen horror
 12173 | D:12     | Reached skill level 11 in Maces & Flails
 12245 | D:12     | Noticed Nergalle
 12267 | D:12     | Killed Nergalle
 12267 | D:12     | Received a gift from Okawaru
 12949 | D:13     | Noticed Pikaro's ghost (powerful NaVM)
 12971 | D:13     | Killed Pikaro's ghost
 13160 | D:13     | Noticed a centaur warrior
 13160 | D:13     | Noticed Grum
 13170 | D:13     | Killed Grum
 13170 | D:13     | Received a gift from Okawaru
 13172 | D:13     | Reached skill level 12 in Maces & Flails
 13186 | D:13     | Killed a centaur warrior
 13186 | D:13     | Reached skill level 10 in Fighting
 13186 | D:13     | Reached XP level 13. HP: 75/82 MP: 19/21
 13238 | D:13     | Noticed a centaur warrior
 13261 | D:13     | Killed a centaur warrior
 14096 | D:13     | Found a gate to the Vaults.
 14438 | D:14     | Reached skill level 10 in Armour
 14525 | D:14     | Found a burning altar of Makhleb.
 14604 | D:14     | Received a gift from Okawaru
 14875 | D:14     | Reached skill level 5 in Evocations
 15080 | D:14     | Found Vengunno's Gadget Boutique.
 15087 | D:14     | Upgraded the game from 0.17-a0-72-gd614ac0 to
                  | 0.17-a0-77-gee7a2f2
 15099 | D:15     | Entered Level 15 of the Dungeon
 15221 | D:15     | Noticed Louise
 15235 | D:15     | Cast into the Abyss (Louise)
 15238 | Abyss:1  | Found a corrupted altar of Lugonu.
 15269 | Abyss:1  | Noticed a brown very ugly thing
 15306 | Abyss:1  | Noticed a Hell Sentinel
 15355 | Abyss:1  | Noticed a tentacled starspawn
 15375 | Abyss:1  | Killed a Hell Sentinel
 15375 | Abyss:1  | Received a gift from Okawaru
 15375 | Abyss:1  | Gained mutation: Your large and strong wings let you fly
                  | indefinitely. [gargoyle growth]
 15375 | Abyss:1  | Reached XP level 14. HP: 12/88 MP: 3/25
 15388 | Abyss:1  | Killed a tentacled starspawn
 15467 | Abyss:1  | Killed a cyan very ugly thing
 15492 | Abyss:1  | Received a gift from Okawaru
 15611 | Abyss:1  | Noticed a tentacled monstrosity
 15774 | Abyss:1  | Noticed a tentacled starspawn
 15781 | Abyss:1  | Killed a tentacled starspawn
 15781 | Abyss:1  | Reached skill level 13 in Maces & Flails
 15906 | Abyss:1  | Noticed a bone dragon
 15938 | Abyss:1  | Noticed a daeva
 15968 | Abyss:1  | Killed a daeva
 15972 | Abyss:1  | Gained mutation: You are dopey. (Int -2) [a neqoxec]
 16121 | Abyss:1  | Noticed a tentacled starspawn
 16128 | Abyss:1  | Killed a tentacled starspawn
 16177 | Abyss:1  | Paralysed by accursed screaming for 1 turns
 16395 | Abyss:2  | Noticed an Executioner
 16418 | Abyss:2  | Noticed a hellephant
 16813 | Abyss:2  | Received a gift from Okawaru
 16861 | D:15     | Escaped the Abyss
 16895 | D:15     | Killed Louise
 16898 | D:15     | Got a heavily runed large shield
 16911 | D:15     | Identified the +3 large shield "Strap" {+Fly rF+} (You took
                  | it off Louise on level 15 of the Dungeon)
 17125 | D:15     | Reached XP level 15. HP: 45/95 MP: 8/28
 17377 | D:15     | Received a gift from Okawaru
 17467 | D:15     | Found a staircase to the Depths.
 17514 | D:15     | Reached skill level 14 in Maces & Flails
 17535 | D:15     | Found an ancient bone altar of Kikubaaqudgha.
 17620 | D:15     | Noticed Frances
 17871 | D:15     | Killed Frances
 18216 | Lair:1   | Entered Level 1 of the Lair of Beasts
 18248 | Lair:1   | Received a gift from Okawaru
 20095 | Lair:3   | Got a fine arbalest
 20252 | Lair:3   | Received a gift from Okawaru
 20253 | Lair:3   | Got a pair of scorched boots {god gift}
 20259 | Lair:3   | Identified the +4 pair of boots "Dosk" {rPois rC- Str+4}
                  | (Okawaru gifted it to you on level 3 of the Lair of Beasts)
 21500 | Lair:3   | Reached XP level 16. HP: 90/101 MP: 29/29
 22559 | Lair:5   | Reached skill level 15 in Maces & Flails
 22578 | Lair:5   | Found a staircase to the Swamp.
 23333 | Orc:1    | Entered Level 1 of the Orcish Mines
 24046 | Orc:1    | Found a bloodstained altar of Trog.
 24235 | Orc:3    | Noticed Joseph
 24247 | Orc:3    | Killed Joseph
 24427 | Orc:3    | Found Croakly's Distillery.
 24432 | Orc:3    | Bought a potion of ambrosia for 144 gold pieces
 24873 | Orc:4    | Entered Level 4 of the Orcish Mines
 25186 | Orc:4    | Found a roughly hewn altar of Beogh.
 25342 | Orc:4    | Found Naibyqib's Weapon Emporium.
 25409 | Orc:4    | Found Axeahad's Magic Scroll Shoppe.
 25429 | Orc:4    | Bought a scroll of identify for 32 gold pieces
 25429 | Orc:4    | Bought a scroll of teleportation for 48 gold pieces
 25429 | Orc:4    | Bought a scroll of blinking for 120 gold pieces
 25911 | Orc:4    | Reached skill level 15 in Shields
 26125 | Orc:4    | Found a staircase to the Elven Halls.
 26129 | Orc:4    | Received a gift from Okawaru
 26204 | Orc:4    | Paralysed by an orc sorcerer for 5 turns
 26601 | Orc:4    | Found a roughly hewn altar of Beogh.
 26688 | Orc:4    | Found Muti's Armour Shoppe.
 26730 | Orc:4    | Found Jasijou's Distillery.
 26854 | Orc:4    | Bought a potion of agility for 72 gold pieces
 27116 | Orc:4    | Noticed Gastronok
 27170 | Orc:4    | Killed Gastronok
 27170 | Orc:4    | Received a gift from Okawaru
 27437 | Orc:4    | Bought a potion of curing for 54 gold pieces
 27437 | Orc:4    | Bought a potion of resistance for 180 gold pieces
 27437 | Orc:4    | Bought a potion of haste for 180 gold pieces
 27437 | Orc:4    | Bought a potion of curing for 54 gold pieces
 27496 | Orc:4    | Bought a scroll of identify for 32 gold pieces
 27496 | Orc:4    | Bought a scroll of fog for 32 gold pieces
 27496 | Orc:4    | Bought a scroll of acquirement for 832 gold pieces
 27497 | Orc:4    | Got an ancient diamond amulet
 27499 | Orc:4    | Identified the amulet "Sicoevie" {Ward rElec rN+ Slay+3
                  | SInv} (You acquired it on level 4 of the Orcish Mines)
 27551 | Orc:3    | Bought a potion of heal wounds for 90 gold pieces
 27551 | Orc:3    | Bought a potion of haste for 180 gold pieces
 28129 | Lair:6   | Noticed Erica
 28135 | Lair:6   | Killed Erica
 28286 | Lair:6   | Found a staircase to the Snake Pit.
 28337 | Lair:6   | Found a staircase to the Slime Pits.
 28632 | Lair:6   | Got a wizard robe
 28817 | Lair:7   | Noticed Snorg
 28824 | Lair:7   | Killed Snorg
 28908 | Lair:6   | Identified the +1 robe of Chuf {Contam rElec rPois Int+6}
                  | (You found it on level 6 of the Lair of Beasts)
 28951 | Lair:7   | Received a gift from Okawaru
 28963 | Lair:7   | Reached XP level 17. HP: 108/108 MP: 30/30
 28965 | Lair:7   | Gained mutation: Your spells are a little easier to cast,
                  | but a little less powerful. [mutagenic glow]
 29601 | Lair:8   | Entered Level 8 of the Lair of Beasts
 29715 | Lair:8   | Found a labyrinth entrance.
 29757 | Lab      | Entered a Labyrinth
 30000 | Lab      | Identified a +0 rod of the swarm (14/14) (You found it in a
                  | labyrinth)
 30001 | Lab      | Identified a +6 rod of clouds (10/10) (You found it in a
                  | labyrinth)
 30006 | Lab      | Got a polished glaive {venom}
 30012 | Lab      | Identified the +9 glaive "Geit" {venom, +Rage +Fly MR+
                  | Dex-5} (You took it off a minotaur in a labyrinth)
 30430 | Lair:8   | Reached skill level 10 in Invocations
 31434 | Swamp:1  | Entered Level 1 of the Swamp
 31804 | Swamp:1  | Received a gift from Okawaru
 33187 | Swamp:3  | Noticed Jorgrun
 33205 | Swamp:3  | Killed Jorgrun
 33205 | Swamp:3  | Received a gift from Okawaru
 33583 | Swamp:3  | Noticed Nikola
 33603 | Swamp:3  | Killed Nikola
 33729 | Swamp:3  | Received a gift from Okawaru
 33743 | Swamp:3  | Found a bloodstained altar of Trog.
 34077 | Swamp:3  | Reached XP level 18. HP: 116/116 MP: 30/30
 34146 | Swamp:4  | Received a gift from Okawaru
 34399 | Swamp:4  | Reached skill level 10 in Evocations
 35045 | Snake:1  | Entered Level 1 of the Snake Pit
 35261 | Snake:1  | Learned a level 1 spell: Summon Butterflies
 36808 | Snake:3  | Received a gift from Okawaru
 36981 | Snake:3  | Reached skill level 15 in Fighting
 37154 | Snake:3  | Learned a level 2 spell: Swiftness
 37466 | Snake:3  | Reached skill level 10 in Slings
 37568 | Snake:3  | Identified Khufu's Almanac of Darkness
 37571 | Snake:3  | Learned a level 1 spell: Animate Skeleton
 38320 | Snake:4  | Reached XP level 19. HP: 117/124 MP: 25/31
 38878 | Snake:4  | Received a gift from Okawaru
 38979 | Snake:5  | Entered Level 5 of the Snake Pit
 39265 | Snake:5  | Received a gift from Okawaru
 39307 | Snake:5  | Received a gift from Okawaru
 39533 | Snake:5  | Got a polished chain mail
 39540 | Snake:5  | Got a serpentine rune of Zot
 39674 | Snake:5  | Received a gift from Okawaru
 40017 | Snake:5  | Identified the +12 chain mail "Zohemire" {rC- Str+4 Dex+3}
                  | (You found it on level 5 of the Snake Pit)
 40754 | Slime:1  | Entered Level 1 of the Pits of Slime
 40765 | Slime:1  | Gained mutation: You tend to lose your temper in combat. [a
                  | shining eye]
 40897 | Lair:2   | Lost mutation: You are dopey. (Int -2) [potion of cure
                  | mutation]
 40897 | Lair:2   | Lost mutation: You tend to lose your temper in combat.
                  | [potion of cure mutation]
 40897 | Lair:2   | Lost mutation: Your spells are a little easier to cast, but
                  | a little less powerful. [potion of cure mutation]
 41094 | Swamp:5  | Entered Level 5 of the Swamp
 41680 | Swamp:5  | Noticed the 27-headed Lernaean hydra
 41690 | Swamp:5  | Killed the 27-headed Lernaean hydra
 41693 | Swamp:5  | Reached XP level 20. HP: 107/131 MP: 27/33
 41807 | Swamp:5  | Received a gift from Okawaru
 41822 | Swamp:5  | Got a decaying rune of Zot
 42431 | Elf:1    | Entered Level 1 of the Elven Halls
 43178 | Elf:1    | Got a tiger eye-encrusted leather armour
 43181 | Elf:1    | Identified the cursed +0 leather armour "Nyumostreogh" {MR-
                  | Str+2 Dex+2} (You found it on level 1 of the Elven Halls)
 43187 | Elf:1    | Noticed Sonja
 43219 | Elf:1    | Killed Sonja
 43591 | Elf:2    | Found a frozen archway.
 43629 | IceCv    | Entered an ice cave
 43817 | IceCv    | Learned a level 1 spell: Flame Tongue
 44136 | Elf:2    | Got a warped morningstar
 44137 | Elf:2    | Identified the +5 morningstar "Criudas" {freeze, Dex+4}
                  | (You found it on level 2 of the Elven Halls)
 44363 | Elf:2    | Received a gift from Okawaru
 44508 | Elf:2    | Found a huge runed gate.
 44508 | Elf:2    | Found a huge runed gate.
 44509 | Elf:2    | Found a huge runed gate.
 44509 | Elf:2    | Found a huge runed gate.
 44509 | Elf:2    | Found a huge runed gate.
 44572 | Elf:2    | Noticed Saint Roka
 44634 | Elf:2    | Killed Saint Roka
 45165 | Lair:2   | Learned a level 1 spell: Corona
 45168 | Lair:2   | Learned a level 2 spell: Ensorcelled Hibernation
 45171 | Lair:2   | Learned a level 2 spell: Stoneskin
 45819 | Elf:3    | Entered Level 3 of the Elven Halls
 45874 | Elf:3    | Noticed Azrael
 45888 | Elf:3    | Killed Azrael
 46175 | Elf:3    | Reached XP level 21. HP: 40/139 MP: 34/34
 46719 | Elf:3    | Received a gift from Okawaru
 46750 | Elf:3    | Identified the Tome of Evil Rituals
 46896 | Elf:3    | Noticed Ngotmuk's ghost (mighty MiFi)
 46917 | Elf:3    | Killed Ngotmuk's ghost
 47193 | Elf:3    | Cast into the Abyss (a deep elf demonologist)
 47199 | Abyss:1  | Upgraded the game from 0.17-a0-77-gee7a2f2 to
                  | 0.17-a0-81-g781747f
 47212 | Abyss:1  | Noticed a tentacled starspawn
 47214 | Abyss:1  | Killed a tentacled starspawn
 47236 | Abyss:1  | Paralysed by accursed screaming for 1 turns
 47275 | Abyss:1  | Received a gift from Okawaru
 47288 | Abyss:1  | Noticed a bone dragon
 47303 | Abyss:1  | Killed a bone dragon
 47333 | Abyss:1  | Noticed an ancient lich
 47387 | Abyss:1  | Noticed a tentacled starspawn
 47394 | Abyss:1  | Killed a tentacled starspawn
 47453 | Abyss:1  | Noticed a lich
 47458 | Abyss:1  | Noticed a tentacled starspawn
 47459 | Abyss:1  | Killed a lich
 47812 | Abyss:1  | Paralysed by accursed screaming for 1 turns
 48321 | Abyss:1  | Paralysed by accursed screaming for 2 turns
 48497 | Abyss:1  | Paralysed by you for 4 turns
 49136 | Elf:3    | Escaped the Abyss
 49168 | Elf:3    | Received a gift from Okawaru
 49366 | Elf:3    | Got a vibrating bone amulet
 49367 | Elf:3    | Identified the amulet "Xezoffeawk" {rCorr Str-4 Int+4} (You
                  | took it off a deep elf annihilator on level 3 of the Elven
                  | Halls)
 49456 | Elf:3    | Received a gift from Okawaru
 49479 | Elf:3    | Cast into the Abyss (a deep elf demonologist)
 50079 | Abyss:1  | Received a gift from Okawaru
 50170 | Abyss:1  | Received a gift from Okawaru
 50170 | Abyss:1  | Reached XP level 22. HP: 140/146 MP: 35/35
 50322 | Abyss:1  | Gained mutation: You expend magic power (3 MP) to
                  | strengthen your wands. [a neqoxec]
 50362 | Abyss:1  | Received a gift from Okawaru
 50429 | Abyss:1  | Found a corrupted altar of Lugonu.
 51044 | Abyss:1  | Received a gift from Okawaru
 51273 | Abyss:1  | Gained mutation: You are somewhat resistant to further
                  | mutation. [a neqoxec]
 51484 | Abyss:1  | Found a corrupted altar of Lugonu.
 51571 | Elf:3    | Escaped the Abyss
 51606 | Elf:3    | Received a gift from Okawaru
 51618 | Elf:3    | Cast into the Abyss (a deep elf demonologist)
 52177 | Elf:3    | Escaped the Abyss
 52184 | Elf:3    | Received a gift from Okawaru
 52197 | Elf:3    | Got a jewelled broad axe
 52255 | Elf:3    | Identified the +8 broad axe of Kinn {venom, -Tele rPois
                  | Str+4 Int+4} (You took it off a deep elf sorcerer on level
                  | 3 of the Elven Halls)
 52299 | Elf:3    | Identified Vehumet's Disquisition on Confrontation and
                  | Flames
 52302 | Elf:3    | Got a coiled bronze ring
 52303 | Elf:3    | Identified the ring "Jisetiuth" {rF+ MP+9 Stlth+} (You
                  | acquired it on level 3 of the Elven Halls)
 52367 | Elf:3    | Identified the Collected Works on Feathery Confrontation
 52370 | Elf:3    | Learned a level 1 spell: Sting
 52458 | Elf:3    | Got a faintly glowing rapier
 52459 | Elf:3    | Identified the +9 rapier "Geim" {flame, MP+9 Stlth+} (You
                  | took it off a deep elf sorcerer on level 3 of the Elven
                  | Halls)
 52501 | Elf:3    | Received a gift from Okawaru
 52588 | Elf:3    | Got an ichor-stained scale mail
 52916 | Lair:2   | Identified the +9 scale mail of Midsummer {rElec rN+ Str+4
                  | Int-5} (You took it off a deep elf master archer on level 3
                  | of the Elven Halls)
 53003 | D:9      | Bought a scroll of acquirement for 676 gold pieces
 53003 | D:9      | Bought 2 scrolls of identify for 52 gold pieces
 53003 | D:9      | Bought a scroll of teleportation for 39 gold pieces
 53003 | D:9      | Bought a scroll of blinking for 97 gold pieces
 53004 | D:9      | Got a vibrating jade ring
 53006 | D:9      | Identified the ring "Guconadd" {rC- rN+ MR+ MP+9} (You
                  | acquired it on level 9 of the Dungeon)
 53254 | Vaults:1 | Entered Level 1 of the Vaults
 53932 | Vaults:1 | Reached XP level 23. HP: 151/153 MP: 36/36
 54009 | Vaults:1 | Identified An Introduction to Sorcery
 54589 | Vaults:2 | Found Smaic's General Store.
 55000 | Vaults:2 | Noticed Wiglaf
 55006 | Vaults:2 | Killed Wiglaf
 55006 | Vaults:2 | Received a gift from Okawaru
 55068 | Vaults:2 | Received a gift from Okawaru
 55175 | Vaults:2 | Received a gift from Okawaru
 55367 | Vaults:2 | Cast into the Abyss (an ogre mage)
 55371 | Vaults:2 | Escaped the Abyss
 55422 | Vaults:2 | Found a white marble altar of Elyvilon.
 55946 | Vaults:2 | Found a staircase to the Crypt.
 56647 | Vaults:3 | Received a gift from Okawaru
 57255 | Vaults:3 | Received a gift from Okawaru
 57878 | Vaults:3 | Reached XP level 24. HP: 159/159 MP: 37/37
 57948 | Vaults:3 | Received a gift from Okawaru
 58351 | Vaults:4 | Noticed Mara
 58364 | Vaults:4 | Noticed joosa's illusion
 58365 | Vaults:4 | Killed Mara
 58365 | Vaults:4 | Reached skill level 15 in Evocations
 59119 | Vaults:4 | Found Max Esom's Magic Scroll Boutique.
 59126 | Vaults:4 | Bought a scroll of fear for 66 gold pieces
 59126 | Vaults:4 | Bought a scroll of fog for 38 gold pieces
 59126 | Vaults:4 | Bought a scroll of teleportation for 57 gold pieces
 59126 | Vaults:4 | Bought a scroll of teleportation for 57 gold pieces
 59126 | Vaults:4 | Bought a scroll of identify for 38 gold pieces
 59126 | Vaults:4 | Bought 3 scrolls of identify for 114 gold pieces
 59126 | Vaults:4 | Bought a scroll of teleportation for 57 gold pieces
 59126 | Vaults:4 | Bought a scroll of enchant weapon for 142 gold pieces
 59126 | Vaults:4 | Bought a scroll of identify for 38 gold pieces
 59126 | Vaults:4 | Bought a scroll of identify for 38 gold pieces
 59126 | Vaults:4 | Bought a scroll of identify for 38 gold pieces
 59126 | Vaults:4 | Bought a scroll of identify for 38 gold pieces
 59280 | Vaults:5 | Entered Level 5 of the Vaults
 59375 | Vaults:5 | Noticed Frederick
 59390 | Vaults:4 | Received a gift from Okawaru
 59420 | Vaults:4 | Received a gift from Okawaru
 59657 | Vaults:5 | Killed Frederick
 59922 | Vaults:5 | Got a silver rune of Zot
 59946 | Vaults:5 | Reached XP level 25. HP: 136/166 MP: 38/38
 60214 | Vaults:5 | Noticed an ancient lich
 60262 | Vaults:5 | Killed an ancient lich
 60262 | Vaults:5 | Received a gift from Okawaru
 60385 | Vaults:5 | Identified a +1 pair of boots of running (Okawaru gifted it
                  | to you on level 5 of the Vaults)
 60391 | Vaults:5 | Identified the Tome of Helpful Evil Rituals
 60508 | Vaults:5 | Identified the Compendium of Frigorific Execration
 60886 | Vaults:5 | Got a crude plate armour
 60887 | Vaults:5 | Identified the +9 plate armour "Shee" {Str+4 Dex+3} (You
                  | found it on level 5 of the Vaults)
 60989 | Vaults:5 | Got a pitted battleaxe
 61026 | Vaults:5 | Identified the +8 battleaxe of the Gnat {freeze, +Blink rC+
                  | rN+ Dex+2} (You took it off a tengu reaver on level 5 of
                  | the Vaults)
 61333 | Vaults:5 | Identified Clyuplugg's Collected Works on Damaging Venom
 62454 | Crypt:1  | Entered Level 1 of the Crypt
 62510 | Crypt:1  | Received a gift from Okawaru
 62849 | Crypt:1  | Received a gift from Okawaru
 62969 | Crypt:1  | Noticed Boris
 62980 | Crypt:1  | Killed Boris
 63599 | Crypt:2  | Reached XP level 26. HP: 176/176 MP: 40/40
 63784 | Crypt:3  | Entered Level 3 of the Crypt
 64277 | Crypt:3  | Got a crude lapis lazuli ring
 64278 | Crypt:3  | Identified the ring of Alalusaale {rN+ Str+6 SInv} (You
                  | found it on level 3 of the Crypt)
 64285 | Crypt:3  | Got a heavily runed scale mail
 64296 | Crypt:3  | Identified the +6 scale mail "Twoygiun" {rF+ rC+ Str+3}
                  | (You found it on level 3 of the Crypt)
 64564 | Crypt:3  | Found a staircase to the Tomb.
 64590 | Crypt:3  | Identified Cigotuvi's Grimoire of Necromancy
 64611 | Crypt:3  | Noticed an ancient lich
 64618 | Crypt:3  | Killed an ancient lich
 64810 | Crypt:3  | Received a gift from Okawaru
 65114 | Crypt:3  | Identified the Disquisition on Darkness
 65326 | Crypt:3  | Found an ancient bone altar of Kikubaaqudgha.
 65350 | Crypt:3  | Noticed an ancient lich
 65368 | Crypt:3  | Killed an ancient lich
 65368 | Crypt:3  | Received a gift from Okawaru
 65379 | Crypt:3  | Identified the Grimoire of Torrid Conjuration
 65419 | Crypt:3  | Noticed an ancient lich
 65441 | Crypt:3  | Killed an ancient lich
 65441 | Crypt:3  | Received a gift from Okawaru
 65547 | Crypt:3  | Got a brightly glowing double sword {god gift}
 65548 | Crypt:3  | Identified the +6 double sword "Zofaw Dink" {venom, rPois
                  | MP+9 Dex+3} (Okawaru gifted it to you on level 3 of the
                  | Crypt)
 66331 | Lair:2   | Identified a +7 rod of the swarm (14/14) (You took it off a
                  | deep elf sorcerer on level 3 of the Elven Halls)
 66675 | Depths:1 | Entered Level 1 of the Depths
 66675 | Depths:1 | Found Woamigg's Gadget Boutique.
 66677 | Depths:1 | Found a one-way gate to the infinite horrors of the Abyss.
 66749 | Depths:1 | Found Deschik's Armour Shop.
 66819 | Depths:1 | Found a sparkling altar of Nemelex Xobeh.
 66911 | Depths:1 | Found a gateway to Hell.
 67105 | Depths:1 | Found Voomn's Assorted Antiques.
 67418 | Depths:2 | Found a bloodstained altar of Trog.
 67560 | Depths:2 | Received a gift from Okawaru
 67651 | Depths:2 | Received a gift from Okawaru
 67755 | Depths:2 | Noticed karlm's ghost (great DEWz)
 67888 | Depths:2 | Reached XP level 27. HP: 158/186 MP: 40/40
 67923 | Depths:2 | Reached skill level 15 in Armour
 67984 | Depths:2 | Received a gift from Okawaru
 68098 | Depths:2 | Found a gateway to a ziggurat.
 68107 | Zig:1    | Entered Level 1 of a ziggurat
 68146 | Zig:2    | Entered Level 2 of a ziggurat
 68177 | Zig:3    | Entered Level 3 of a ziggurat
 68222 | Zig:3    | Got a pitted steel ring
 68223 | Zig:3    | Identified the ring of the Chupacabra {rF+ MP+9 AC+2 Int+4
                  | Dex+4} (You found it on level 3 of a ziggurat)
 68237 | Zig:3    | Lost mutation: You are somewhat resistant to further
                  | mutation. [potion of cure mutation]
 68237 | Zig:3    | Lost mutation: You expend magic power (3 MP) to strengthen
                  | your wands. [potion of cure mutation]
 68238 | Zig:3    | Gained mutation: You are somewhat resistant to further
                  | mutation. [potion of beneficial mutation]
 68240 | Zig:4    | Entered Level 4 of a ziggurat
 68295 | Zig:5    | Entered Level 5 of a ziggurat
 68343 | Zig:5    | Received a gift from Okawaru
 68647 | Zig:5    | I didn't want to come here in the first place
 68647 | Zig:5    | I thought it'd ask for a price
 68664 | Zig:5    | Got a scorched flail
 68665 | Zig:5    | Identified the +2 flail of Hospitality {antimagic, rN++
                  | Dex+5} (You found it on level 5 of a ziggurat)
 68920 | Depths:2 | Killed karlm's ghost
 68975 | Depths:2 | Got a slimy flail
 68981 | Depths:2 | Identified the +4 flail of the Ancients {freeze, +Fly rPois
                  | rC++ Stlth+} (You took it off a spriggan defender on level
                  | 2 of the Depths)
 69193 | Depths:2 | Got a pitted amber ring
 69195 | Depths:2 | Identified the ring "Hyixy" {MP+9 Int+5 Dex+3 Slay+2} (You
                  | acquired it on level 2 of the Depths)
 69482 | Depths:2 | Noticed the Enchantress
 69509 | Depths:2 | Killed the Enchantress
 69534 | Depths:2 | Got a faerie dragon armour
 69548 | Depths:2 | Identified the +6 faerie dragon armour {-Tele Dex+5} (You
                  | took it off the Enchantress on level 2 of the Depths)
 69581 | Depths:2 | Got a crude cloak
 69592 | Depths:2 | Identified the cursed +0 cloak of the Eternal Void {Dex+4}
                  | (You found it on level 2 of the Depths)
 70512 | Depths:3 | Got a smoking ice dragon armour
 70513 | Depths:3 | Identified the cursed +1 ice dragon armour of Kovvuwaa
                  | {rPois rF- rC++ rN+} (You found it on level 3 of the
                  | Depths)
 70787 | Depths:3 | Found a one-way gate leading to the halls of Pandemonium.
 71291 | Lair:2   | Upgraded the game from 0.17-a0-81-g781747f to
                  | 0.17-a0-1322-g2a080e7
 71548 | Slime:1  | Received a gift from Okawaru
 71735 | Slime:1  | Gained mutation: Your body sometimes deteriorates upon
                  | taking damage. [a shining eye]
 72959 | Slime:4  | Received a gift from Okawaru
 73794 | Slime:3  | Gained mutation: Scrolls take you a little longer to read.
                  | [a shining eye]
 74226 | Slime:5  | Gained mutation: You expend magic power (3 MP) to
                  | strengthen your wands. [a shining eye]
 74329 | Slime:6  | Entered Level 6 of the Pits of Slime
 74341 | Slime:6  | Gained mutation: You are weak. (Str -2) [a shining eye]
 74526 | Slime:6  | Noticed the royal jelly
 74546 | Slime:6  | Killed the royal jelly
 74546 | Slime:6  | Received a gift from Okawaru
 75353 | Slime:6  | Got a vibrating zirconium amulet
 75380 | Slime:6  | Got an ancient morningstar
 75395 | Slime:6  | Got a slimy rune of Zot
 75444 | Slime:6  | Got a pitted hand crossbow
 75455 | Slime:6  | Identified the cursed +0 morningstar of the Unspeakable One
                  | {flame, rF- Int+9} (You found it on level 6 of the Pits of
                  | Slime)
 75458 | Slime:6  | Identified the +7 hand crossbow of Ranun {elec, Dex+9} (You
                  | found it on level 6 of the Pits of Slime)
 75461 | Slime:6  | Identified the amulet of Uhiriabec {Clar rElec MR- Str+6
                  | Dex+3} (You found it on level 6 of the Pits of Slime)
 76427 | Depths:4 | Received a gift from Okawaru
 76782 | Depths:4 | Noticed Mennas
 76830 | Depths:4 | Killed Mennas
 77224 | Depths:4 | Identified the Handbook of the Unstable Oath
 77275 | Depths:5 | Entered Level 5 of the Depths
 78550 | Depths:5 | Found a gate to the Realm of Zot.
 78719 | Depths:5 | Received a gift from Okawaru
 78852 | Zot:1    | Entered Level 1 of the Realm of Zot
 80834 | Zot:3    | Received a gift from Okawaru
 80844 | Zot:3    | Got a shimmering dagger {god gift}
 80847 | Zot:3    | Identified the +4 dagger "Xiesuzeble" {pain, rN++ MR- Str+4
                  | SInv} (Okawaru gifted it to you on level 3 of the Realm of
                  | Zot)
 81864 | Zot:4    | Noticed an orb of fire
 82962 | Hell     | Entered the Vestibule of Hell
 82962 | Hell     | Noticed Geryon
 83011 | Hell     | Killed Geryon
 83033 | Hell     | Found a gateway to the ashen valley of Gehenna.
 83205 | Hell     | Received a gift from Okawaru
 83824 | Hell     | Found a gateway to the decaying netherworld of Tartarus.
 83969 | Hell     | Found a gateway to the freezing wastes of Cocytus.
 84093 | Hell     | Upgraded the game from 0.17-a0-1322-g2a080e7 to
                  | 0.18-a0-1057-g88203af
 84093 | Hell     | Upgraded the game from 0.18-a0-1057-g88203af to
                  | 0.18-a0-1159-gf481d65
 84093 | Hell     | Upgraded the game from 0.18-a0-1159-gf481d65 to
                  | 0.20-a0-348-gd709e23
 85272 | Vaults:3 | Reached skill level 1 in Crossbows
 86571 | Depths:5 | Noticed a juggernaut
 86583 | Depths:5 | Killed a juggernaut
 86583 | Depths:5 | Received a gift from Okawaru
 86676 | Coc:1    | Entered Level 1 of Cocytus
 86875 | Coc:1    | Reached skill level 5 in Crossbows
 87231 | Coc:3    | You are sucked into a shaft for 3 floors!
 87241 | Coc:7    | Entered Level 7 of Cocytus
 87767 | Depths:1 | Voluntarily entered the Abyss.
 87774 | Abyss:1  | Found a blossoming altar of Fedhas.
 88291 | Abyss:1  | Reached skill level 23 in Maces & Flails
 88516 | Abyss:3  | Gained mutation: Your body often deteriorates upon taking
                  | damage. [a cacodemon]
 88584 | Abyss:3  | Paralysed by accursed screaming for 1 turns
 88864 | Abyss:3  | Received a gift from Okawaru
 89009 | Depths:1 | Escaped the Abyss
 90254 | Coc:3    | Reached skill level 24 in Maces & Flails
 90820 | Coc:2    | Received a gift from Okawaru
 90826 | Coc:2    | Got a shimmering plate armour {god gift}
 90829 | Coc:2    | Identified the +1 plate armour of Pleasant Breezes
                  | {*Corrode *Drain rPois Str+8} (Okawaru gifted it to you on
                  | level 2 of Cocytus)
 91464 | Coc:7    | Noticed the Serpent of Hell
 92008 | Coc:4    | Reached skill level 25 in Maces & Flails
 92343 | Coc:7    | Killed the Serpent of Hell
 92343 | Coc:7    | Received a gift from Okawaru
 92382 | Coc:7    | Received a gift from Okawaru
 92432 | Coc:7    | Received a gift from Okawaru
 92631 | Coc:7    | Noticed Antaeus
 92662 | Coc:7    | Killed Antaeus
 92679 | Coc:7    | Received a gift from Okawaru
 92762 | Coc:7    | Received a gift from Okawaru
 92762 | Coc:7    | Reached skill level 26 in Maces & Flails
 93169 | Coc:7    | Got an icy rune of Zot
 93183 | Coc:7    | Identified Sif Muna's Incunabulum of Good Luck and
                  | Transmutation
 93190 | Coc:7    | Got a steaming marble ring
 93198 | Coc:7    | Identified the ring "Gywah" {rF+ Str+3 Stlth+} (You found
                  | it on level 7 of Cocytus)
 93547 | Coc:7    | Found the +7 mace of Variability {chain chaos}
 94392 | Depths:1 | Bought a wand of iceblast (3) for 112 gold pieces
 94441 | Geh:1    | Entered Level 1 of Gehenna
 95312 | Geh:3    | Received a gift from Okawaru
 95399 | Hell     | Received a gift from Okawaru
 95579 | Geh:2    | Reached skill level 27 in Maces & Flails
 95811 | Geh:2    | You are sucked into a shaft for 2 floors!
 96604 | Geh:3    | Received a gift from Okawaru
 97111 | Geh:4    | Killed from afar by a hellion

Levels and vault maps discovered:
D:1:      dpeg_arrival_subterranean_lakeside_camping, cheibriados_altar_1
D:2:      lemuel_round_altar, first_bread
D:3:      xom_redecorated, nicolae_overflow_crystal_walls,
          gup_sewer_entry_bubbles
D:4:      vehumet_crystals, temple_fountains, uniq_edmund
D:5:      uniq_menkaure
D:6:      lemuel_zombie_altar_yredelemnul
D:7:      grunt_temple_overflow_gold_and_silver, nicolae_overflow_hidden_temple,
          nicolae_ossuary_entry_giza, uniq_pikel, uniq_blork_the_orc
D:8:      led_sif_pool, david_nohive_1, uniq_eustachio, uniq_prince_ribbit1
D:9:      old_standard_altar, tso_metal_star, serial_shops, kennysheep_mini,
          shop, nicolae_shop_waterfront, kennysheep_mini_moat, uniq_maurice,
          uniq_erolcha
D:10:     david_lair_shrubbed, hangedman_incinerator, uniq_fannar
D:11:     orc_0_dummy, serial_shops, kennysheep_little_box, basic_altar,
          minivault_12
D:12:     minmay_misc_feat_square, minivault_27, uniq_nergalle
D:13:     david_vaults_4, minmay_misc_feat_roman, st_stairs_3, uniq_grum
D:14:     serial_shops, shop, basic_altar, kennysheep_cross_bottleneck
D:15:     grunt_enter_depths_magical_seal, nrook_mini_backslash, basic_altar,
          hangedman_abyss_or_decor_clamps, kennysheep_pointless_box,
          st_stairs_4, minmay_misc_feat_secret_circle, uniq_louise, uniq_frances
Temple:   temple_island_7
Lair:2:   serial_bayou_pond_a
Lair:3:   minmay_lair_oklob_tunnel, wad_woods_river_04, serial_bayou_pond_d,
          minmay_lindwurm_lava
Lair:4:   wad_woods_03, grunt_megastairs_3, infiniplex_staircase_pool
Lair:5:   nicolae_swamp_entry_splash_gauntlet, eino_house_with_fridge
Lair:6:   minmay_snake_entry_guardpost_large, slime_dummy, minivault_27,
          roderic_lost_polar_bear, infiniplex_staircase_pool_2, uniq_erica
Lair:7:   uniq_snorg
Lair:8:   minmay_lair_end_enchanted_forest, lab_entry_generic
Swamp:1:  hangedman_swamp_pad
Swamp:2:  hangedman_swamp_lotus
Swamp:3:  basic_altar, swamp_pool1, uniq_jorgrun, uniq_nikola
Swamp:4:  serial_swamp_ruin, evilmike_swamp_ruin_house_3,
          evilmike_swamp_ruin_house_6, swamp_pool1, grunt_lady_of_the_lake
Swamp:5:  swamp_old_school
Snake:1:  serial_bayou_pond_a
Snake:3:  cheibrodos_snake_lava_hold
Snake:4:  serial_bayou_shore_a
Snake:5:  snake_pit
Slime:3:  cheibrodos_slime_lost_civilization_7
Slime:4:  nicolae_slime_phagocytosis
Orc:1:    bloody_trog
Orc:3:    serial_shops, shop_fountains, nicolae_orc_pool_cavern, uniq_joseph
Orc:4:    pubby_orc_utopia, serial_shops, uniq_gastronok
Elf:1:    kennysheep_underground_church, st_stairs_11, abandoned_shop,
          uniq_sonja
Elf:2:    portal_ice_cave_entry_imps, uniq_saint_roka
Elf:3:    nooodl_elf_gasket, minmay_elf_necromancy, uniq_azrael
Vaults:1: v_misc_17, vaults_room_large_hall, v_misc_18, st_hourglassy,
          v_misc_23, serial_ice_m, v_pattern_2,
          vaults_mumra_minichess_inversion, grunt_vaults_bifocal, v_rooms_1,
          v_misc_23, nicolae_vaults_little_squares_1,
          nicolae_vaults_yaktaur_gun_rack, hangedman_vaults_cutoff
Vaults:2: st_octagons_2, hangedman_vaults_hat, nicolae_vaults_rhombus_5,
          nicolae_vaults_circle_grid_a, v_misc_9, hangedman_vaults_stagger,
          grunt_vaults_hallway_long, v_misc_19, vaults_dpeg_cross,
          dpeg_vaults_monster_box, vaults_standard_mumra_lines, v_misc_30,
          minmay_crypt_entry_skeletal_spiral, serial_shops, shop_fountains,
          basic_altar, uniq_wiglaf
Vaults:3: hangedman_vaults_restitches, nicolae_vaults_triangles,
          vaults_mumra_lcd, v_misc_28, v_misc_3, st_smaller_cells,
          hangedman_vaults_cutoff, ontoclasm_vaults_claustrophobia,
          ontoclasm_vaults_pinch, vaults_room_door_hall,
          nicolae_vaults_ring_of_whatevers, vaults_dpeg_ring,
          nicolae_vaults_little_squares_6
Vaults:4: v_misc_2, vaults_room_corners, v_misc_11, grunt_vaults_hallway_long,
          v_misc_3, serial_shops, nicolae_shop_behind_doors, uniq_mara
Vaults:5: uniq_frederick
Crypt:1:  eino_tiny_chamber, uniq_boris
Crypt:2:  crypt_curse_skull, grunt_ministairs_9
Crypt:3:  quadcrypt_mu
Depths:1: lemuel_ice_spiral_2, serial_shops, nicolae_shop_trees, shop,
          shop_statue, nrook_mini_vaults, hell_entry, abyss_entry,
          nemelex_xobeh_ov_fountains_minmay
Depths:2: spriggan_forest, abyss_entry, serial_shops, hell_entry
Depths:3: grunt_x_marks_the_spot, grunt_pan_entry_sceptre, hell_entry,
          st_stairs_3, basic_stair_grate_trap
Depths:4: lightli_tower_of_babel, abyss_entry, grunt_hell_entry_dis_grunt,
          nicolae_two_hexagons, lemuel_freeze_loot_1, uniq_mennas
Depths:5: grunt_zot_entry_bicorn, serial_sigils_hangedman_scratch, hell_entry,
          nrook_loot_triangle
Geh:1:    layout_gehenna_lava_caves
Geh:2:    layout_gehenna_pools_basic
Geh:3:    layout_gehenna_pools_box
Geh:4:    layout_gehenna_pools_basic, lemuel_hellion_isle
Coc:4:    layout_ice_bergs
Coc:5:    layout_ice_bergs, serial_ice, serial_ice_f, serial_ice_b,
          serial_ice_g, serial_ice_e
Coc:7:    coc_grunt
Zot:2:    grunt_ministairs_14
Zot:3:    nicolae_zot_crop_circle

Skill      XL: |  1  2  3  4  5  6  7  8  9 10 11 12 13 14 15 16 17 18 19 20 21 22 23 24 25 26 27 |
---------------+----------------------------------------------------------------------------------+-----
Fighting       | 4 5 10 15 | 25.4
Maces & Flails | 5 6 8 9 10 12 13 14 15 27 | 27.0
Armour         | 5 10 23 | 23.1
Invocations    | 1 5 10 | 12.6
Slings         | 1 5 10 | 13.0
Shields        | 5 10 15 17 18 20 21 22 23 25 | 25.4
Evocations     | 1 5 10 15 | 16.4
Crossbows      | 7 |  7.0

Action                   |  1- 3 |  4- 6 |  7- 9 | 10-12 | 13-15 | 16-18 | 19-21 | 22-24 | 25-27 || total
-------------------------+-------+-------+-------+-------+-------+-------+-------+-------+-------++-------
Melee: Flail             |   125 |   261 |   362 |   485 |       |       |       |    17 |       ||  1250
       Eveningstar       |       |       |       |   316 |   805 |  2064 |  1453 |  1458 |  2753 ||  8849
       Morningstar       |       |       |       |       |   216 |       |       |       |   551 ||   767
       Unarmed           |       |       |       |       |       |       |     6 |    21 |       ||    27
       Eveningstar       |       |       |       |       |       |       |       |       |  2218 ||  2218
 Fire: Fustibalus        |       |       |    40 |    39 |    27 |    26 |    17 |       |     3 ||   152
       Blowgun           |       |       |       |     1 |       |       |       |       |       ||     1
       Fustibalus        |       |       |       |       |       |       |       |       |   100 ||   100
Throw: Tomahawk          |    22 |    12 |     5 |       |       |       |       |       |       ||    39
Invok: Heroism           |       |       |     2 |     5 |     6 |     3 |     2 |     2 |     3 ||    23
       Finesse           |       |       |       |       |     6 |     4 |     5 |     2 |     8 ||    25
       Finesse           |       |       |       |       |       |       |       |       |     3 ||     3
       Heroism           |       |       |       |       |       |       |       |       |     2 ||     2
 Abil: Hurl Damnation    |       |       |       |       |     1 |     3 |       |       |       ||     4
       No ability        |       |       |       |       |       |     1 |       |       |       ||     1
Evoke: Club              |       |       |       |     1 |       |       |       |       |     8 ||     9
       Lightning rod     |       |       |       |       |     1 |     1 |     2 |       |     2 ||     6
       Whip              |       |       |       |       |       |       |       |       |     1 ||     1
       Wand              |       |       |       |       |       |       |       |       |     4 ||     4
       Horn of Geryon    |       |       |       |       |       |       |       |       |     1 ||     1
  Use: Scroll            |     2 |     6 |    14 |    13 |    16 |    10 |    10 |    12 |    36 ||   119
       Potion            |       |     2 |       |     2 |    12 |       |    11 |       |    13 ||    40
       Scroll            |       |       |       |       |       |       |       |       |    14 ||    14
       Potion            |       |       |       |       |       |       |       |       |     9 ||     9
 Stab: Distracted        |       |       |       |     1 |       |       |     2 |       |       ||     3
       Petrified         |       |       |       |       |     1 |       |       |       |       ||     1
       Confused          |       |       |       |       |       |       |     1 |       |       ||     1
       Distracted        |       |       |       |       |       |       |       |       |     1 ||     1
  Eat: Chunk             |     1 |     7 |    15 |    18 |    19 |    46 |    11 |    18 |    14 ||   149
       Buggy fruit       |       |       |       |     1 |     2 |     1 |     4 |       |     1 ||     9
       Ration            |       |       |       |       |     1 |     1 |     2 |     1 |     5 ||    10
       Buggy fruit       |       |       |       |       |     4 |     5 |       |     2 |     9 ||    20
       Buggy fruit       |       |       |       |       |       |     2 |     3 |     2 |     6 ||    13
       Buggy jelly       |       |       |       |       |       |     1 |       |       |       ||     1
       Buggy ration      |       |       |       |       |       |       |     1 |     1 |     5 ||     7
       Ration            |       |       |       |       |       |       |       |       |     6 ||     6
       Chunk             |       |       |       |       |       |       |       |       |     6 ||     6
       Buggy ration      |       |       |       |       |       |       |       |       |     3 ||     3
Armor: Crystal plate arm |       |       |       |       |       |       |       |       |  1185 ||  1185
       Plate armour      |       |       |       |       |       |       |       |       |    58 ||    58
Dodge: Dodged            |       |       |       |       |       |       |       |       |   609 ||   609
Block: Large shield      |       |       |       |       |       |       |       |       |  3555 ||  3555
       Reflection        |       |       |       |       |       |       |       |       |    56 ||    56

Table legend:
 A = Non-vault XP
 B = Vault XP
 C = Vault XP percentage of total XP
 D = Non-vault monster count
 E = Vault monster count
 F = Vault count percentage of total count
                 A         B        C        D         E       F
            +---------+---------+-------+---------+---------+-------
      Total |  196518 |   74239 |  27.4 |     299 |      49 |  14.1
            +---------+---------+-------+---------+---------+-------
       Hell |   17856 |    1837 |   9.3 |      13 |       3 |  18.8
      Geh:1 |    8912 |       0 |   0.0 |      29 |       0 |   0.0
      Geh:2 |   14495 |       0 |   0.0 |      29 |       0 |   0.0
      Geh:3 |   29748 |       0 |   0.0 |      73 |       0 |   0.0
      Geh:4 |   19435 |    4723 |  19.6 |      41 |       5 |  10.9
      Coc:2 |    3609 |       0 |   0.0 |       4 |       0 |   0.0
      Coc:3 |    9248 |       0 |   0.0 |      10 |       0 |   0.0
      Coc:4 |   16029 |       0 |   0.0 |      41 |       0 |   0.0
      Coc:5 |   19054 |      10 |   0.1 |      16 |       1 |   5.9
      Coc:6 |      65 |       0 |   0.0 |       1 |       0 |   0.0
      Coc:7 |   58067 |   67669 |  53.8 |      42 |      40 |  48.8
            +---------+---------+-------+---------+---------+-------
